 Dungeon Crawl Stone Soup version 0.31-a0-806-g0bc164a743 (webtiles) character file.

Game seed: 6372224810321343231

70161 javelincjr the Black Belt (level 15, -1/114 HPs)
             Began as a Human Shapeshifter on Sept 20, 2023.
             Was a High Priest of Qazlal.
             Slain by a seven-headed hydra (6 damage)
             ... on level 1 of the Swamp.
             The game lasted 01:24:52 (17565 turns).

javelincjr the Black Belt (Human Shapeshifter)     Turns: 17565, Time: 01:24:53

Health: -1/114     AC: 44    Str: 28    XL:     15   Next: 77%
Magic:  20/20      EV: 11    Int: 18    God:    Qazlal [*****.]
Gold:   1594       SH:  7    Dex: 19    Spells: 14/14 levels left

rFire   . . .        X - melded +11 short sword of Extremism {protect, rElec rC+}
rCold   + . .        r - melded +1 kite shield
rNeg    . . .        D - +15 crystal plate armour "Kaylexag" {rPois Int+6 Dex+2}
rPois   +            p - +2 helmet {SInv}
rElec   .            j - +0 cloak
rCorr   .            Q - +2 pair of gloves
SInv    +            u - +0 pair of boots
Will    +....        I - amulet of regeneration Stlth
                     M - +6 ring of strength
HPRegen 1.19/turn    v - +6 ring of strength
MPRegen 0.17/turn

%: repel missiles
@: mighty, about to teleport, flux-form, protected from cold, hasted and slowed,
glowing, studying Dodging, very slow
A: glow, contaminating
a: Begin Untransformation, Renounce Religion, Upheaval, Elemental Force,
Disaster Area


You were on level 1 of the Swamp.
You worshipped Qazlal.
Qazlal was extremely pleased with you.
You were something dangerously unstable.
You visited 4 branches of the dungeon, and saw 16 of its levels.
You also visited: Bailey.

You collected 1594 gold pieces.

Inventory:

Hand Weapons
 k - the +7 flail of Crystal {speed, rCorr}
   (You found it on level 5 of the Lair of Beasts)

   rCorr:     It protects you from acid and corrosion.
 q - a +2 trident of flaming
 K - a +5 war axe
 S - a +6 dagger of speed
 U - the +1 whip of the Boiling Point {flame, rN+ Int+2 Stlth+}
   (You found it on level 3 of the Lair of Beasts)

   Int+2:     It affects your intelligence (+2).
   rN+:       It protects you from negative energy.
   Stlth+:    It makes you more stealthy.
 X - the +11 short sword of Extremism (melded) {protect, rElec rC+}
   (You found it on level 8 of the Dungeon)

   rC+:       It protects you from cold.
   rElec:     It insulates you from electricity.
Missiles
 s - 15 poisoned darts (quivered)
 A - 23 boomerangs
 H - 7 curare-tipped darts
Armour
 h - a scarf of harm
 j - a +0 cloak (worn)
 p - a +2 helmet of see invisible (worn)
 r - a +1 kite shield (melded)
 u - a +0 pair of boots (worn)
 D - the +15 crystal plate armour "Kaylexag" (worn) {rPois Int+6 Dex+2}
   (You acquired it on level 5 of the Dungeon)

   Int+6:     It affects your intelligence (+6).
   Dex+2:     It affects your dexterity (+2).
   rPois:     It protects you from poison
 L - +0 fire dragon scales
 Q - a +2 pair of gloves (worn)
Magical Staves
 y - a staff of earth
Jewellery
 i - a ring of flight
 v - a +6 ring of strength (right hand)
 B - a +5 ring of evasion
 G - a ring of wizardry
 I - an amulet of regeneration (around neck)
 J - the ring "Feeduato" {rF+ Str+2}
   (You found it on level 2 of the Lair of Beasts)

   [ring of protection from fire]

   Str+2:     It affects your strength (+2).
   rF+:       It protects you from fire.
 M - a +6 ring of strength (left hand)
Talismans
 c - a beast talisman
 d - a flux talisman (active)
Wands
 g - a wand of roots (4)
 x - a wand of charming (5)
 F - a wand of mindburst (7)
 V - a wand of polymorph (8)
Scrolls
 f - 2 scrolls of poison
 n - 3 scrolls of silence
 w - 2 scrolls of vulnerability
 N - 2 scrolls of fog
 O - 3 scrolls of fear
 P - 2 scrolls of revelation
 Z - a scroll of enchant weapon
Potions
 b - 3 potions of cancellation
 e - 3 potions of haste
 l - 6 potions of might
 m - 4 potions of brilliance
 o - a potion of berserk rage
 z - a potion of magic
 R - 2 potions of lignification
 T - 3 potions of curing
 W - 2 potions of mutation
 Y - 2 potions of enlightenment
Miscellaneous
 E - a lightning rod (4/4)


   Skills:
 + Level 9.6 Fighting
 + Level 6.8 Short Blades
 + Level 9.2 Armour
 + Level 12.6 Dodging
 + Level 7.1 Shields
 * Level 15.7 Unarmed Combat
 + Level 7.6 Invocations
 * Level 12.3 Shapeshifting


You had 14 spell levels left.
You didn't know any spells.
Your spell library contained the following spells:

 Spells                   Type           Power      Damage    Failure   Level
 Blink                    Tloc           0%         N/A       100%        2
 Lesser Beckoning         Tloc           0%         N/A       100%        2
 Momentum Strike          Conj/Tloc      0%         3d8       100%        2
 Stone Arrow              Conj/Erth      0%         3d7       100%        3
 Tukima's Dance           Hex            0%         N/A       100%        3
 Animate Armour           Summ/Erth      0%         N/A       100%        4
 Animate Dead             Necr           0%         N/A       100%        4
 Passage of Golubria      Tloc           0%         N/A       100%        4
 Borgnjor's Vile Clutch   Necr/Erth      0%         N/A       100%        5
 Yara's Violent Unravell  Hex/Tmut       0%         3d3       100%        5
 Death Channel            Necr           0%         N/A       100%        6
 Lehudib's Crystal Spear  Conj/Erth      0%         10d2      100%        8


Dungeon Overview and Level Annotations

Branches:
Dungeon (9/15)             Temple (1/1) D:7            Lair (5/5) D:9
  Swamp (1/4) Lair:3       Spider (0/4) Lair:2        Slime (0/5) Lair:4
 Bailey (visited)
    Orc: D:9-12

Altars:
Ashenzari
Cheibriados
Dithmenos
Gozag
Hepliaklqana
Kikubaaqudgha
Nemelex Xobeh
Qazlal
Ru
Sif Muna
Trog
Uskayaw
Vehumet
Wu Jian
Xom
Yredelemnul
Zin
The Shining One
Jiyva

Shops:
D:2 =

Annotations:
Lair:4 1 runed translucent door


Message History

The seven-headed hydra bites you.
* * * LOW HITPOINT WARNING * * *
The seven-headed hydra bites you!
* * * LOW HITPOINT WARNING * * *
Your resistance to cold fades away.
You feel protected from physical attacks.
The seven-headed hydra completely misses you.
The bog body touches you but does no damage.
Your unstable footing causes you to fumble your attack.
You block the bunyip's attack. The bunyip closely misses you.
You block the bunyip's attack.
The seven-headed hydra bites you but does no damage. x4
You block the seven-headed hydra's attack.
The seven-headed hydra bites you but does no damage.
The seven-headed hydra barely misses you.
You feel much better.
The bog body gestures at you while chanting.
You feel as though you will be slow longer.
You block the bog body's attack.
The seven-headed hydra closely misses you. x2
The seven-headed hydra bites you but does no damage.
The seven-headed hydra barely misses you.
You block the seven-headed hydra's attack.
The seven-headed hydra bites you but does no damage.
The seven-headed hydra closely misses you.
Your unstable footing causes you to fumble your attack.
The bog body points at you and mumbles some strange words.
You feel as though you will be slow longer.
The bog body gestures at you while chanting.
The bolt of cold hits you!!
Your resistance to physical damage fades away.
You feel protected from cold.
* * * LOW HITPOINT WARNING * * *
As you read the scroll of teleportation, it crumbles to dust.
You feel strangely unstable.
The seven-headed hydra bites you but does no damage.
The seven-headed hydra barely misses you.
The seven-headed hydra bites you but does no damage. x4
The seven-headed hydra bites you.
You die...

.~ ~~ .~. .~
~..##.###~.###~~
~.?$#~....~.~.~.
♣♣^#!..~~..~~.~...
♣~♣~.#.#.~(...8~.~(
..~..~~.~°~.§○~....
♣♣♣♣~....~....n°D~_.§~.
♣♣.♣~.~..'~.~~☼xp☼§~..~.
...n~n~♣.#~.#~~8n.°8...8
~~.♣x♣ #~.~.§.~~~~~
~~~/.♣♣ # #...~..~~...
§~§D.~♣ ~###############
.~.~.~♣~~...
..~........~
..~)~..~.♣.. ♣.~~~>~~.♣
♣..♣ ..~~~~~~


You could see a bunyip, a seven-headed hydra and 2 bog bodies.

Vanquished Creatures
  Rupert (Lair:4)
  An eleionoma (Swamp:1)
  A bunyip (Swamp:1)
  A fire dragon (Lair:5)
  Harold (Lair:2)
  9 hydras
  3 catoblepae
  A ghost crab (Lair:3)
  A two-headed ogre (Bailey)
  A demonic crawler (Lair:2)
  3 death yaks (Lair:5)
  3 skysharks (Lair:5)
  6 goliath frogs (Swamp:1)
  3 swamp dragons (Swamp:1)
  A bog body (Swamp:1)
  Pikel (D:8)
  4 lindwurms (Lair:5)
  2 wolf spiders (Lair:2)
  A will-o-the-wisp (Swamp:1)
  2 manticores (Lair:5)
  14 elephants
  6 torpor snails (Lair:5)
  12 black mambas
  13 cane toads
  5 komodo dragons
  5 rime drakes
  4 polar bears
  11 hornets
  6 tyrant leeches
  37 blink frogs
  2 dream sheep (Lair:5)
  A culicivora (Lair:2)
  21 yaks
  A wyvern (Lair:5)
  7 spriggans
  Sigmund (D:3)
  Eustachio (D:4)
  4 basilisks
  3 steam dragons
  Menkaure (D:5)
  A redback (Lair:2)
  11 swamp worms
  15 water moccasins
  Duvessa (D:7)
  2 acid dragons (D:8)
  2 orc warriors
  7 ice beasts (D:9)
  A sky beast (D:7)
  5 black bears
  15 wolves
  8 ogres
  4 centaurs
  A lemure (D:8)
  3 phantoms
  2 kobold brigands
  11 bullfrogs
  2 gnoll sergeants
  8 scorpions
  8 wights
  Dowan (D:7)
  6 killer bees
  2 howler monkeys
  7 hounds
  4 orc priests
  A jelly (D:6)
  4 gnoll boudas
  Jessica (D:3)
  6 iguanas
  8 orc wizards
  2 sleepcaps
  A hell rat (Lair:5)
  9 adders
  27 gnolls
  A shadow imp (D:6)
  2 ufetubi
  A worm (D:2)
  5 dart slugs
  32 orcs
  7 endoplasms
  6 giant cockroaches
  11 goblins
  5 hobgoblins
  6 jackals (D:1)
  5 quokkas
  6 ball pythons
  4 bats
  5 frilled lizards
  13 kobolds
  8 rats
504 creatures vanquished.

Vanquished Creatures (others)
  A goliath frog (Swamp:1)
  A bog body (Swamp:1)
  A bloated husk (Swamp:1)
  6 foxfires (Swamp:1)
9 creatures vanquished.

Grand Total: 513 creatures vanquished

Notes
Turn   | Place    | Note
-------+----------+-------------------------------------------
     0 | D:1      | javelincjr the Human Shapeshifter began the quest for the
                  | Orb.
     0 | D:1      | Reached XP level 1. HP: 15/15 MP: 1/1
    52 | D:1      | Reached XP level 2. HP: 9/21 MP: 2/2
   263 | D:1      | Reached XP level 3. HP: 24/26 MP: 3/3
   864 | D:1      | Reached XP level 4. HP: 30/33 MP: 4/4
  1452 | D:2      | Reached XP level 5. HP: 22/38 MP: 5/5
  1690 | D:2      | Found Odycotid's One-of-a-Kind Rings.
  1713 | D:2      | Found a faded altar of an unknown god.
  2046 | D:3      | Noticed Sigmund
  2234 | D:3      | Noticed Jessica
  2242 | D:3      | Killed Jessica
  2301 | D:3      | Killed Sigmund
  2302 | D:3      | Reached skill level 1 in Armour
  2302 | D:3      | Reached skill level 4 in Unarmed Combat
  2302 | D:3      | Reached XP level 6. HP: 46/46 MP: 6/6
  2761 | D:3      | Reached XP level 7. HP: 44/51 MP: 7/7
  3561 | D:4      | Noticed Eustachio
  3577 | D:4      | Killed Eustachio
  3578 | D:4      | Reached skill level 5 in Unarmed Combat
  3706 | D:4      | Reached XP level 8. HP: 58/58 MP: 8/8
  3708 | D:4      | Reached skill level 5 in Shapeshifting
  3980 | D:4      | Found a shimmering blue altar of Sif Muna.
  4109 | D:5      | Entered Level 5 of the Dungeon
  4762 | D:5      | Noticed Menkaure
  4769 | D:5      | Killed Menkaure
  4770 | D:5      | Reached skill level 6 in Unarmed Combat
  4935 | D:5      | Identified 3 scrolls of acquirement
  4936 | D:5      | Acquired a manual of Dodging
  4938 | D:5      | Acquired a manual of Unarmed Combat
  4940 | D:5      | Acquired the +15 crystal plate armour "Kaylexag" {rPois
                  | Int+6 Dex+2}
  5180 | D:5      | Reached XP level 9. HP: 65/65 MP: 9/9
  5241 | D:5      | Reached skill level 5 in Dodging
  5241 | D:5      | Reached skill level 7 in Unarmed Combat
  5563 | D:6      | Reached skill level 8 in Unarmed Combat
  5687 | D:6      | Found a broken altar of Ashenzari.
  5806 | D:6      | Found a glowing golden altar of the Shining One.
  5980 | D:7      | Reached skill level 5 in Fighting
  6046 | D:7      | Reached XP level 10. HP: 59/74 MP: 10/10
  6168 | D:7      | Reached skill level 9 in Unarmed Combat
  6269 | D:7      | Found a hide-covered altar of Uskayaw.
  6487 | D:7      | Found a flagged portal.
  6502 | Bailey   | Entered a bailey
  6603 | Bailey   | Reached skill level 5 in Armour
  6642 | Bailey   | Reached skill level 10 in Unarmed Combat
  6651 | Bailey   | Noticed a two-headed ogre
  6749 | Bailey   | Killed a two-headed ogre
  7081 | D:7      | Noticed Dowan
  7083 | D:7      | Noticed Duvessa
  7092 | D:7      | Killed Dowan
  7103 | D:7      | Killed Duvessa
  7110 | D:7      | Reached XP level 11. HP: 74/81 MP: 11/11
  7212 | D:7      | Found a staircase to the Ecumenical Temple.
  7239 | Temple   | Entered the Ecumenical Temple
  7262 | Temple   | Became a worshipper of Qazlal Stormbringer
  7827 | D:8      | Reached skill level 1 in Shields
  7827 | D:8      | Reached skill level 11 in Unarmed Combat
  7871 | D:8      | Reached skill level 1 in Invocations
  7942 | D:8      | Found a shadowy altar of Dithmenos.
  8123 | D:8      | Identified the +11 short sword of Extremism {protect, rElec
                  | rC+}
  8230 | D:8      | Noticed Pikel
  8245 | D:8      | Killed Pikel
  8266 | D:8      | Reached skill level 1 in Short Blades
  8337 | D:8      | Reached * piety under Qazlal
  9349 | D:9      | Found a staircase to the Lair.
  9390 | D:9      | Reached skill level 12 in Unarmed Combat
  9406 | D:9      | Reached ** piety under Qazlal
  9793 | Lair:1   | Entered Level 1 of the Lair of Beasts
  9832 | Lair:1   | Reached XP level 12. HP: 55/89 MP: 14/14
 10425 | Lair:1   | Reached skill level 13 in Unarmed Combat
 10938 | Lair:2   | Reached *** piety under Qazlal
 11019 | Lair:2   | Reached XP level 13. HP: 52/97 MP: 16/16
 11169 | Lair:2   | Reached skill level 10 in Shapeshifting
 11313 | Lair:2   | Found a hole to the Spider Nest.
 11401 | Lair:2   | Reached skill level 10 in Dodging
 11754 | Lair:2   | Noticed Harold
 11770 | Lair:2   | Killed Harold
 11812 | Lair:2   | Reached skill level 14 in Unarmed Combat
 11874 | Lair:2   | Identified the ring "Feeduato" {rF+ Str+2}
 12285 | Lair:3   | Reached skill level 5 in Invocations
 12344 | Lair:3   | Noticed an eight-headed hydra
 12358 | Lair:3   | Killed an eight-headed hydra
 12361 | Lair:3   | Reached **** piety under Qazlal
 12573 | Lair:3   | Reached skill level 5 in Shields
 12736 | Lair:3   | Identified the +1 whip of the Boiling Point {flame, rN+
                  | Int+2 Stlth+}
 13069 | Lair:3   | Noticed a four-headed hydra
 13083 | Lair:3   | Killed a four-headed hydra
 13145 | Lair:3   | Noticed a six-headed hydra
 13152 | Lair:3   | Killed a six-headed hydra
 13288 | Lair:3   | Found a staircase to the Swamp.
 13583 | Lair:4   | Reached skill level 5 in Short Blades
 13673 | Lair:4   | Reached XP level 14. HP: 106/106 MP: 18/18
 13755 | Lair:4   | Noticed Rupert
 13787 | Lair:4   | Killed Rupert
 13789 | Lair:4   | Reached ***** piety under Qazlal
 14122 | Lair:4   | Found a runed translucent door.
 14122 | Lair:4   | Found a viscous altar of Jiyva.
 14123 | Lair:4   | Noticed an acid blob
 14126 | Lair:4   | Found a staircase to the Slime Pits.
 14888 | Lair:5   | Entered Level 5 of the Lair of Beasts
 15071 | Lair:5   | Reached skill level 15 in Unarmed Combat
 15318 | Lair:5   | Found a bloodstained altar of Trog.
 15473 | Lair:5   | Found a runed translucent door.
 15636 | Lair:5   | Paralysed by a hornet for 1 turns
 16080 | Lair:5   | Reached XP level 15. HP: 113/113 MP: 20/20
 16335 | Lair:5   | Identified the +7 flail of Crystal {speed, rCorr}
 16995 | Swamp:1  | Entered Level 1 of the Swamp
 17548 | Swamp:1  | Found a basalt altar of Yredelemnul.
 17551 | Swamp:1  | HP: 2/114 [bog body/bolt of cold (21)]
 17564 | Swamp:1  | HP: 4/114 [bog body/bolt of cold (31)]
 17565 | Swamp:1  | Slain by a seven-headed hydra

Illustrated notes

Levels and vault maps discovered:
D:1:      eino_arrival_cavern_b, layout_loops_cross, minmay_heptomino_d4
D:2:      layout_loops_ring, shapermc_ecumenical_altar_acropolis,
          serial_bayou_pond_d, nicolae_shop_unique_rings
D:3:      layout_basic, uniq_jessica, uniq_sigmund
D:4:      layout_rooms, nicolae_sif_muna_little_library, uniq_eustachio
D:5:      minmay_chambers_of_threes, layout_cave_pools, uniq_menkaure
D:6:      layout_basic, nicolae_ashenzari_skybound, mainiacjoe_overflow_alcove_2
D:7:      layout_basic, nicolae_uskayaw_suspiria,
          minmay_temple_entry_glassed_door, enter_bailey_5,
          minmay_misc_feat_diagonals, lightli_orcish_oven, uniq_duvessa
D:8:      layout_layer_cave, grunt_dithmenos_shadows, minmay_fractal_squares_5,
          uniq_pikel
D:9:      layout_roguey, hellmonk_lair_entry_icy
Temple:   cyrus_circular_temple
Lair:1:   layout_regular_city, minivault_25, minmay_stone_trees_small,
          grunt_megastairs_4
Lair:2:   layout_roguey, spider_nest_entry_funnel_web, worms_lemuel, uniq_harold
Lair:3:   layout_cave_shapes, palyth_hydra_swamp_entry, grunt_megastairs_2
Lair:4:   layout_regular_city, slime_entry_2, columned_hall_lemuel,
          serial_bayou_shore_b, uniq_rupert
Lair:5:   wormcave, layout_layer_cave, hangedman_lair_in_review, basic_altar
Swamp:1:  layout_basic_swamp, evilmike_swamp_ruin_rubble_1, swamp_pool4,
          grunt_ruined_hall, infiniplex_staircase_pool

Skill      XL: |  1  2  3  4  5  6  7  8  9 10 11 12 13 14 15 |
---------------+----------------------------------------------+-----
Fighting       | 2 3 4 5 6 7 8 9 |  9.6
Dodging        | 3 4 6 7 8 9 10 11 12 | 12.6
Armour         | 1 2 3 4 5 6 7 8 9 |  9.2
Unarmed Combat | 4 5 6 8 10 12 13 14 15 | 15.7
Shapeshifting  | 4 5 7 8 9 10 11 12 | 12.3
Shields        | 2 4 5 6 7 |  7.1
Invocations    | 2 4 5 6 7 |  7.6
Short Blades   | 2 3 5 6 |  6.8

Action                     |  1- 3 |  4- 6 |  7- 9 | 10-12 | 13-15 || total
---------------------------+-------+-------+-------+-------+-------++-------
  Melee: Unarmed           |   103 |    86 |    70 |   102 |   348 ||   709
         Punch             |     1 |     3 |    15 |     9 |       ||    28
         Trident           |       |    19 |       |       |     8 ||    27
         Halberd           |       |     1 |    23 |       |       ||    24
         Hand axe          |       |       |   215 |   105 |       ||   320
         Short sword       |       |       |       |   521 |   580 ||  1101
         Whip              |       |       |       |       |    31 ||    31
  Throw: Dart              |       |       |    11 |     7 |       ||    18
Ability: Begin Untransform |       |     1 |       |     2 |     1 ||     4
  Evoke: Lightning rod     |       |       |       |       |     3 ||     3
    Use: Scroll            |       |     4 |    12 |     7 |    12 ||    35
         Potion            |       |     4 |     3 |     1 |     8 ||    16
   Stab: Petrifying        |       |       |       |       |     1 ||     1
 Armour: Animal skin       |    44 |    30 |       |       |       ||    74
         Leather armour    |       |    19 |   110 |       |       ||   129
         Skin              |       |     4 |       |       |       ||     4
         Crystal plate arm |       |       |   226 |   729 |  1010 ||  1965
  Dodge: Dodged            |    60 |    48 |   236 |   330 |   400 ||  1074
         Repelled          |       |       |       |       |     7 ||     7
  Block: Kite shield       |       |       |       |   427 |   575 ||  1002
         Other             |       |       |       |       |   128 ||   128
   Form: Beast             |       |     1 |       |     1 |       ||     2
         Flux              |       |       |       |     1 |     1 ||     2

Table legend: (Time is in decaauts)
 A = Elapsed time spent in this place.
 B = Non-inter-level travel time spent in this place.
 C = Inter-level travel time spent in this place.
 D = Time resting spent in this place.
 E = Time spent auto-exploring this place.
 F = Levels seen in this place.
 G = Mean time per level.
                   A        B        C        D        E       F      G
               +--------+--------+--------+--------+--------+-----+--------+
         Total |  17536 |  17020 |    516 |   1146 |  11391 |  17 | 1031.5 |
       Dungeon |   9265 |   8921 |    344 |    423 |   6227 |   9 | 1029.4 |
        Temple |     46 |     42 |      4 |      0 |      0 |   1 |   46.0 |
          Lair |   7165 |   6998 |    167 |    528 |   4829 |   5 | 1433.0 |
         Swamp |    499 |    499 |      0 |      0 |    278 |   1 |  499.0 |
        Bailey |    558 |    558 |      0 |    195 |     56 |   1 |  558.0 |
               +--------+--------+--------+--------+--------+-----+--------+

Top non-repeatable levels by time:
  Lair:5: 1867 daAuts
  Lair:3: 1576 daAuts
  Lair:4: 1436 daAuts
     D:7: 1283 daAuts
     D:4: 1280 daAuts
  Lair:2: 1218 daAuts
     D:1: 1075 daAuts
  Lair:1: 1066 daAuts
     D:5: 1065 daAuts
     D:8: 1050 daAuts
     D:3: 968 daAuts
     D:2: 958 daAuts
     D:9: 929 daAuts
     D:6: 654 daAuts
  Bailey: 558 daAuts
